 Dungeon Crawl Stone Soup version 0.27.1-4-g1640c2035a (webtiles) character file.

Game seed: 13223794379936590499

22 styxcanada the Sneak (level 2, 0/15 HPs)
             Began as a Spriggan Brigand on Nov 6, 2021.
             Slain by a kobold (3 damage)
             ... on level 1 of the Dungeon.
             The game lasted 00:02:10 (449 turns).

styxcanada the Sneak (Spriggan Brigand)              Turns: 449, Time: 00:02:10

Health: 0/15       AC:  3    Str:  7    XL:     2   Next: 68%
Magic:  3/3        EV: 16    Int: 12    God:
Gold:   33         SH:  0    Dex: 16    Spells: 1/1 levels left

rFire    . . .     SeeInvis +   a - +2 dagger
rCold    . . .     Faith    .   (shield restricted)
rNeg     . . .     Spirit   .   b - +0 robe
rPois    .         Reflect  .   (helmet restricted)
rElec    .         Harm     .   c - +0 cloak
rCorr    .         Rampage  .   (gloves unavailable)
Will     .....                  (boots unavailable)
Stlth    ++++......             (no amulet)
HPRegen  0.05/turn              (no ring)
MPRegen  0.08/turn              (no ring)

@: very quick
A: very small, no large weapons, unfitting armour, see invisible, speed 3
a: no special abilities


You were on level 1 of the Dungeon.
You visited 1 branch of the dungeon, and saw 1 of its levels.

You collected 33 gold pieces.

Inventory:

Hand Weapons
 a - a +2 dagger (weapon)
Missiles
 d - 2 poisoned darts (quivered)
 e - 2 curare-tipped darts
Armour
 b - a +0 robe (worn)
 c - a +0 cloak (worn)


   Skills:
 * Level 1.7 Fighting
 + Level 2.2 Short Blades
 + Level 2.0 Throwing
 * Level 1.3 Dodging
 * Level 7.0 Stealth


You had one spell level left.
You didn't know any spells.
Your spell library was empty.

Dungeon Overview and Level Annotations

Branches:
Dungeon (1/15)

Altars:


Innate Abilities, Weirdness & Mutations

You are very small and have problems with some larger weapons.
You are too small for most types of armour.
You have supernaturally acute eyesight. (SInv)
You cover ground extremely quickly. (Speed+++)


Message History

You kill the quokka!
Your Stealth skill increases to level 7!
You closely miss the goblin.
The goblin is heavily wounded.
The goblin hits you with a +0 club.
You closely miss the goblin.
The goblin is heavily wounded.
The goblin completely misses you.
You hit the goblin.
The goblin is severely wounded.
The goblin hits you with a +0 club.
* * * LOW HITPOINT WARNING * * *
Unknown command.
A kobold comes into view. It is wielding a +0 dagger.
The kobold shouts!
Throw: 6 darts (poison)
Press: ? - help, Q - select action, (/) - cycle Shift-Dir - straight line, f/p - hobgoblin
Aim: a hobgoblin (60% to hit)
You throw a poisoned dart. The poisoned dart hits the goblin.
The goblin is poisoned.
The goblin is severely wounded.
Throw: 5 darts (poison)
Press: ? - help, Q - select action, (/) - cycle Shift-Dir - straight line, p - hobgoblin You throw a poisoned dart.
The poisoned dart misses the goblin.
Unknown command.
Throw: 4 darts (poison)
Press: ? - help, Q - select action, (/) - cycle Shift-Dir - straight line, f - goblin
Aim: a goblin, wielding a +0 club (severely wounded, poisoned, 53% to hit)
You throw a poisoned dart. The poisoned dart hits the goblin!
The goblin looks even sicker.
The goblin is severely wounded.
You kill the goblin!
Throw: 3 darts (poison)
Press: ? - help, Q - select action, (/) - cycle Shift-Dir - straight line, f - kobold
Aim: a kobold, wielding a +0 dagger (53% to hit)
You throw a poisoned dart. The poisoned dart hits the kobold.
The kobold is poisoned.
Unknown command.
You hit the kobold but do no damage. The kobold hits you with a +0 dagger.
You die...

.≈.....≈≈≈≈≈...#............#
≈...≈≈≈≈≈≈.≈≈.....#..#)....##
...≈≈.≈≈≈≈..≈.....#.#.....#######
..≈≈≈≈≈≈≈≈≈≈..............#......
...≈≈≈<≈≈≈..≈.≈..#..........÷....
≈...≈≈≈.≈.≈≈....##....(..........
≈.....≈.≈≈≈.≈....##.....###......
≈≈≈.....≈≈≈...)..#.g.............
≈≈≈≈≈≈.......[#.@K.......##......
#######################..##......
....... ........###### ......
......P...# . #.#.###.......
##..PP≈...##.. ...... .......
.PP≈≈≈≈....... ..#.# .......
≈≈≈P♣≈≈≈....#. ....## .........
.P≈♣♣♣♣≈≈..#..J #.#..# .........#
≈ ♣♣≈P.#..#


You could see a hobgoblin and a kobold (poisoned).

Vanquished Creatures
  A dart slug (D:1)
  2 ball pythons (D:1)
  A bat (D:1)
  An endoplasm (D:1)
  A giant cockroach (D:1)
  A goblin (D:1)
  A hobgoblin (D:1)
  5 quokkas (D:1)
  3 frilled lizards (D:1)
  2 rats (D:1)
18 creatures vanquished.

Vanquished Creatures (others)
  2 plants (D:1)
2 creatures vanquished.

Grand Total: 20 creatures vanquished

Notes
Turn   | Place    | Note
-------+----------+-------------------------------------------
     0 | D:1      | styxcanada the Spriggan Brigand began the quest for the
                  | Orb.
     0 | D:1      | Reached XP level 1. HP: 10/10 MP: 2/2
    39 | D:1      | Reached skill level 6 in Stealth
    59 | D:1      | Found a faded altar of an unknown god.
   114 | D:1      | Reached XP level 2. HP: 7/15 MP: 3/3
   420 | D:1      | Reached skill level 7 in Stealth
   449 | D:1      | Slain by a kobold

Illustrated notes

Levels and vault maps discovered:
D:1:      dpeg_arrival_more_subterranean_lakeside_camping, layout_rooms,
          serial_bayou, serial_bayou_pond_b, serial_bayou_pond_c,
          serial_bayou_lagoon_b, serial_bayou_pond_e, serial_bayou_shore_b,
          serial_bayou_ford_a, hellmonk_ecumenical_altar_blasted

Skill      XL: |  1  2 |
---------------+-------+-----
Stealth        | 6 7 |  7.0
Fighting       | |  1.7
Short Blades   | |  2.2
Throwing       | |  2.0
Dodging        | |  1.3

Action                   || total
-------------------------++-------
Melee: Dagger            ||    45
Throw: Dart              ||     9
 Stab: Sleeping          ||     4
Armor: Robe              ||     2
Dodge: Dodged            ||    38
